 Dungeon Crawl Stone Soup version 0.25.1-2-g60ff931df9 (webtiles) character file.

Game seed: 11512470869525717754

42 H0rd4k the Insei (level 3, -3/23 HPs)
             Began as an Octopode Transmuter on Sept 16, 2020.
             Killed from afar by Sigmund (10 damage)
             ... with a magic dart
             ... on level 2 of the Dungeon.
             The game lasted 00:01:28 (1344 turns).

H0rd4k the Insei (Octopode Transmuter)              Turns: 1344, Time: 00:01:28

Health: -3/23      AC:  1    Str:  9    XL:     3   Next: 54%
Magic:  5/6        EV: 13    Int: 16    God:
Gold:   32         SH:  0    Dex: 12    Spells: 5/6 levels left

rFire    . . .     SeeInvis .     - Unarmed
rCold    . . .     Gourm    .   (no shield)
rNeg     . . .     Faith    .   (helmet restricted)
rPois    .         Spirit   .   (no amulet)
rElec    .         Reflect  .   (no ring)
rCorr    .         Harm     .   (no ring)
MR       .....                  (no ring)
Stlth    ++........             (no ring)
HPRegen  0.07/turn              (no ring)
MPRegen  0.10/turn              (no ring)
                                (no ring)
                                (no ring)

@: appendage
A: almost no armour, stealthy swim, amphibious, 8 rings, constrict 8, tentacle
spike 3, camouflage 1, gelatinous body 1
a: End Transformation


You were on level 2 of the Dungeon.
You were not hungry.
One of your tentacles had a temporary spike.
You visited 1 branch of the dungeon, and saw 2 of its levels.

You collected 32 gold pieces.

Inventory:

Missiles
 a - 12 arrows
Scrolls
 b - 2 scrolls of remove curse {unknown}
 e - a scroll of identify {unknown}
 g - a scroll of magic mapping {unknown}
Potions
 f - a potion of berserk rage {unknown}
 h - a potion of curing
Comestibles
 c - 2 rations
 d - a chunk of flesh


   Skills:
 + Level 1.0 Fighting
 + Level 2.4 Dodging
 + Level 0.3 Stealth
 + Level 3.6 Unarmed Combat
 * Level 2.4 Spellcasting
 * Level 2.2 Transmutations


You had 5 spell levels left.
You knew the following spells:

 Your Spells              Type           Power        Failure   Level  Hunger
a - Beastly Appendage     Tmut           #.....       8%          1    #......

Your spell library contained the following spells:

 Spells                   Type           Power        Failure   Level  Hunger
 Sticks to Snakes         Tmut           #.......     12%         2    ###....
 Spider Form              Tmut/Pois      #.........   36%         3    ###....
 Ice Form                 Ice/Tmut       #.......     77%         4    #####..
 Blade Hands              Tmut           #.........   91%         5    ######.


Dungeon Overview and Level Annotations

Branches:
Dungeon (2/15)

Altars:

Annotations:
D:2 Sigmund


Innate Abilities, Weirdness & Mutations

You cannot wear most types of armour.
You are very stealthy in the water. (Stealth+)
You are amphibious.
You can wear up to eight rings at the same time.
You can use your tentacles to constrict eight enemies at once.
Your skin changes colour to match your surroundings (Stealth+).
Your rubbery body absorbs attacks. (AC +1, EV +1)
One of your tentacles bears a large vicious spike.


Message History

You tentacle-slap Sigmund. You grab Sigmund.
Sigmund is moderately wounded.
You constrict Sigmund. Sigmund hits you with a +0 scythe!
Ouch! That really hurt!
* * * LOW HITPOINT WARNING * * *
You tentacle-slap Sigmund but do no damage.
Sigmund is moderately wounded.
You constrict Sigmund.
Sigmund laughs darkly.
Sigmund closely misses you.
Unknown command.
You aren't carrying any items that you can evoke.
Unknown command.
It was a potion of curing.
You feel better.
You constrict Sigmund. You tentacle-slap Sigmund. You squeeze Sigmund.
Sigmund is severely wounded.
You constrict Sigmund.
Sigmund points at you and mumbles some strange words.
The magic dart hits you!
You die...

#############.#
###...........#.#
#####...............#
#.......?...........#
#.###............(..#
#.#).................
###.#.###.@....#......#
#.....#..#@#†..........
#.....#...÷.<#.#.#....#
#..........#.#.#.# ##.#
#............#.#.#
#...........>.....
#.............#....
#....###......#....#
#....# #......#....#
####.# #....#.# ...


You could see Sigmund.

Vanquished Creatures
  An ooze (D:1)
  A ball python (D:2)
  7 bats
  2 giant cockroaches (D:1)
  2 goblins (D:1)
  2 hobgoblins (D:1)
  7 jackals
  4 kobolds (D:1)
  2 frilled lizards
  6 rats (D:1)
34 creatures vanquished.

Notes
Turn   | Place    | Note
-------+----------+-------------------------------------------
     0 | D:1      | H0rd4k the Octopode Transmuter began the quest for the Orb.
     0 | D:1      | Reached XP level 1. HP: 13/13 MP: 3/3
   274 | D:1      | Reached XP level 2. HP: 18/18 MP: 5/5
   744 | D:1      | Reached XP level 3. HP: 23/23 MP: 6/6
  1129 | D:2      | Noticed Sigmund
  1344 | D:2      | Killed from afar by Sigmund

Illustrated notes

Levels and vault maps discovered:
D:1:      nicolae_arrival_memento_mori, layout_loops_corners
D:2:      layout_basic, chequers_temple_overflow_statue_of_worship,
          nemelex_altar_shiori, first_ration, uniq_sigmund

Action                   || total
-------------------------++-------
Melee: Unarmed           ||    81
       Tentacles         ||    15
       Constrict         ||    21
 Cast: Beastly Appendage ||     2
  Use: Potion            ||     1
 Stab: Sleeping          ||     2
  Eat: Chunk             ||     1
Armor: Skin              ||    11
Dodge: Dodged            ||    91
